[Event "USA Championship Women 2022"]
[Site "Saint Louis"]
[Date "2022.10.14"]
[Round "9.6"]
[White "Lee, Alice"]
[Black "Krush, Irina"]
[Result "1/2-1/2"]
[ECO "D45"]
[WhiteElo "2263"]
[BlackElo "2432"]
[Annotator "TA"]
[PlyCount "135"]
[EventDate "2022.09.05"]
[EventType "tourn"]
[EventCountry "USA"]
[SourceTitle "playchess.com"]
[Source "ChessBase"]
[SourceQuality "1"]
[TimeControl "40/5400+30:1800+30"]

1. d4 d5 2. c4 e6 3. Nf3 Nf6 4. Nc3 c6 5. e3 Nbd7 6. Be2 Bd6 7. O-O O-O 8. b3 b6 9. Bb2 Bb7 10. Qc2 Re8 {[%emt 0:00:19] D45: Semi-Slav: 5 e3.} 11. Rfe1 c5 12. cxd5 exd5 13. Rad1 {[%emt 0:01:15] [#]} h6 $146 ({Predecessor:} 13... Rc8 14. Qb1 a6 15. Bf1 b5 16. dxc5 Nxc5 17. h3 Ne6 18. Rc1 Bb4 19. a3 Bf8 20. Red1 Qb6 21. Qf5 h6 22. Qb1 {½-½ (22) Lemos,D (2511)-Conquest,S (2549) Porto Mannu 2009}) 14. Qb1 Qe7 15. Nh4 Qe6 16. Bf3 Ne4 17. g3 (17. h3 $5 cxd4 18. Nxe4 dxe4 19. Bg4 $11) 17... Ndf6 18. Nb5 (18. dxc5 $11 Bxc5 19. Nxe4 dxe4 20. Be2) 18... Bb8 $15 19. Qa1 (19. Qc2 $15) 19... g5 $17 20. Ng2 Qf5 21. Bxe4 Nxe4 22. Rf1 (22. Re2 $17) 22... a6 $2 (22... Qh3 $1 $19 {And now ...h5 would win.} 23. Qc1 Rc8) 23. Nc3 $15 c4 (23... Nxc3 $15 24. Bxc3 c4) 24. Nxe4 $11 dxe4 25. bxc4 Bd6 (25... b5 $1 $11) 26. a4 ({White should play} 26. Qb1 $14) 26... b5 27. Rc1 bxc4 28. Rxc4 Rec8 29. Rxc8+ Rxc8 30. Ba3 Bxa3 31. Qxa3 a5 32. h4 Rc4 33. hxg5 hxg5 34. Qe7 Bc6 {[%emt 0:02:15][%mdl 1024] Black has compensation.} 35. Rb1 Rc2 36. Rb8+ Kh7 $2 {[%emt 0:02:13][%mdl 8192] [#]} (36... Kg7 $11 37. Qf8+ Kg6) 37. Nf4 $1 $18 Bd7 {[%emt 0:02:09] [#]} 38. Rd8 $1 {[%emt 0:03:47][%cal Oe7f8] White wants to mate with Qf8!} Rc1+ {[%emt 0:03:19] [#]} 39. Kg2 $2 ({White has to play} 39. Kh2 $1 $18 {Intending g4 and mate.} Rc2 40. Qf8) 39... Be6 $11 {[%emt 0:00:52] The position is equal.} 40. Qf8 {[%emt 0:00:47][%csl Gd8][%cal Rf8h8] Really sharp!} (40. Nxe6 $2 Qf3+ 41. Kh3 Rh1#) 40... Qf6 $36 {[%emt 0:00:14][%mdl 2048] Against Qh8+. Black has some pressure.} (40... gxf4 $2 41. Qh8+ Kg6 42. Rg8#) 41. Qg8+ $1 (41. Nxe6 $2 {leads to mate.} Qf3+ 42. Kh3 Rh1#) 41... Kh6 42. Qh8+ ({But not} 42. Qf8+ $6 Kh7 $16) 42... Qxh8 43. Rxh8+ Kg7 44. Nxe6+ Kxh8 45. Nxg5 {[%emt 0:00:02][%mdl 4096] Endgame KR-KN} Rc4 {[%emt 0:05:32] aiming for ...Kg7.} 46. Nxf7+ (46. Nxe4 Rxa4 47. Kf3 Kg7 $19) 46... Kg7 47. Nd6 Rxa4 48. Nxe4 Rb4 49. Nc5 a4 50. Nxa4 Rxa4 {[%emt 0:00:06] KR-KP} 51. f4 Kf6 52. Kf3 Ra1 53. g4 Rg1 54. d5 Ke7 55. g5 Kd6 56. Ke4 Rg3 57. Kd4 {[%emt 0:01:09] Hoping for e4.} Rg1 {[%emt 0:02:02] White must now prevent ...Rd1+.} (57... Rg4 $5) 58. Ke4 Rg3 59. Kf5 {[%emt 0:02:11] Strongly threatening e4.} Rxe3 60. Kf6 Kxd5 {[%emt 0:00:38] KR-KPP} 61. f5 Ra3 62. g6 Ra6+ 63. Kg5 {[%emt 0:00:31] Threatening mate with g7.} Ke5 64. g7 Ra1 {[%emt 0:00:25] ( -> ...Rg1+)} (64... Ra2 $5 65. Kg6 $8 Ra6+ 66. f6 Rxf6+ 67. Kh5 Rf5+ 68. Kg6 Rf6+ 69. Kh5 Rf5+ 70. Kg6 Rf6+ $11) 65. Kg6 $1 Rg1+ 66. Kf7 Kxf5 67. g8=Q Rxg8 68. Kxg8 {[%emt 0:00:06] What a bad dream for Black.  Weighted Error Value: White=0.17 (very precise) /Black=0.20 (precise)} 1/2-1/2

[Event "USA Championship Women 2022"]
[Site "Saint Louis"]
[Date "2022.10.14"]
[Round "9.7"]
[White "Yan, Ruiyang"]
[Black "Abrahamyan, Tatev"]
[Result "1/2-1/2"]
[ECO "C16"]
[WhiteElo "2220"]
[BlackElo "2308"]
[Annotator "TA"]
[PlyCount "177"]
[EventDate "2022.09.05"]
[EventType "tourn"]
[EventCountry "USA"]
[SourceTitle "playchess.com"]
[Source "ChessBase"]
[SourceQuality "1"]
[TimeControl "40/5400+30:1800+30"]

1. e4 e6 2. d4 d5 3. Nc3 Bb4 4. e5 Qd7 5. a3 Bxc3+ 6. bxc3 b6 7. Qg4 f5 8. Qg3 Nc6 {[%emt 0:01:33][%cal Bb8c6,Bc6a5,Ba5c4][%mdl 32] C16: French: 3 Nc3 Bb4 4 e5: Lines without ...c5.} 9. h4 Bb7 10. Nh3 O-O-O {[%emt 0:01:51] White is slightly better.} 11. a4 Na5 {[%emt 0:13:01] [#]} 12. Bd3 $146 ({Predecessor:} 12. Nf4 Qf7 13. Be2 Ne7 14. Bh5 g6 15. Be2 Rdg8 16. Qg5 Kd7 17. Ba3 Nc4 18. Bxc4 dxc4 19. Bxe7 Qxe7 {0-1 (33) Jackson,J (2377)-Mirzoev,E (2511) Skopje 2019}) 12... Kb8 13. Nf4 {[%emt 0:09:57] White is more active.} ({White should try} 13. Ba3 $14) 13... Qf7 14. Nh3 h6 15. Nf4 Ne7 {[%emt 0:01:09][%cal Bg8e7,Be7c6,Bc6a7,Ba7b5][%mdl 32] Inhibits Qg6.} 16. h5 Nc4 17. a5 Nxa5 18. Ba3 Rhe8 19. Bb5 Nec6 (19... Bc6 20. Bxe7 Bxb5 21. Bxd8 Rxd8 22. Qg6 Qxg6 23. Nxg6 $16 (23. hxg6 Re8 $14)) 20. O-O {[%emt 0:04:21][%mdl 1024] White has compensation.} a6 21. Bd3 Nc4 {[%emt 0:06:18] Pair of Knights!} 22. Rfe1 Na7 23. Reb1 Nb5 24. Bxc4 dxc4 25. Rb4 Nxa3 26. Rxa3 b5 (26... a5 $5 27. Rb1 Qe7 $15) 27. Rb1 Qd7 28. Qe3 Rc8 29. Ra5 c5 30. Rba1 Qc6 31. f3 {[%emt 0:01:52] Prevents Qe4.} cxd4 32. cxd4 Qb6 33. c3 Rc6 34. Kh2 Rec8 35. Qe1 Qd8 {[%emt 0:02:16] Against d5} 36. Qf2 Qg5 37. g3 Qe7 38. d5 (38. Rd1 $11) 38... exd5 (38... Qc5 $15 39. Kg2 exd5) 39. Rxb5 $1 $11 Rc5 $2 {[%emt 0:01:12][%mdl 8192] [#]} (39... Qxe5 $11 40. Re1 (40. Nxd5 Rd8 $11) 40... Qf6) 40. Rxa6 $1 Rxb5 $18 41. Qa7+ Kc7 {[%emt 0:30:07][%cal Bb8c7,Bc7d7,Bd7e6][%mdl 32] [#]} 42. Ne6+ $4 {[%emt 0:00:03][%mdl 8192] Dancing on a razor blade.} (42. Rb6 $1 $18 {[%cal Rb6b5][%mdl 512] is the narrow road to win.} Kd8 43. Rxb5) 42... Kd7 $19 43. Rd6+ {[%emt 0:00:00] [#]} Qxd6 $1 44. exd6 Kxe6 45. Qd4 Rg8 46. f4 {[%emt 0:00:00] Threatening mate with Qe5+.} Rb2+ 47. Kh3 Kxd6 48. Qe5+ Kd7 49. Qxf5+ {[%emt 0:00:00] [#]} Kd8 $1 {[%emt 0:00:00] ( -> ...Bc8)} 50. Qe5 Rb6 {[%emt 0:00:00] Prevents Qd6+.} 51. Qd4 Rf6 52. Qa7 Kc8 53. Qc5+ Kb8 54. Qe7 Bc8+ 55. g4 Rgf8 (55... Bb7 $142 56. f5 Kc8 57. Qc5+ Bc6) 56. f5 $2 (56. Qe5+ Ka7 57. Qd4+ Ka6 58. Qxd5) 56... R8f7 (56... Bb7 $142 57. Qxg7 d4) 57. Qe5+ Rc7 {[%emt 0:00:41] White must now prevent ...Bb7.} 58. Qxd5 Rb6 59. Qe5 Bb7 60. Qe8+ Ka7 61. Qe5 $2 (61. Qd8 Rf7 62. Qd4) 61... Rd7 62. Qc5 Bd5 ({But not} 62... Rd3+ $2 63. Kh4 Rd7 64. Qxc4 $19) 63. Qc8 Bc6 {[%emt 0:00:46][%cal Ob6b2] ...Rb2! is the strong threat.} 64. Kh4 Re7 (64... Bb5 $142 65. Qc5 Kb7) 65. Qd8 $2 (65. Qf8 {was forced.} Rd7 66. f6 gxf6 67. Qxh6) 65... Reb7 ({Wrong is} 65... Rd7 $2 66. Qc8 $19) 66. Qf8 Bb5 67. Qa3+ {[%emt 0:00:00] [#]} Ba6 $1 68. Qc5 Rd7 69. Qe3 Bb5 ({Stronger than} 69... Rd3 70. Qe7+ Kb8 71. Qxg7 $11) 70. Qe5 Kb7 71. Qe4+ Rc6 72. Qe8 (72. Qe3 {might work better.}) 72... Rcd6 73. Qe4+ Kb6 74. Qe3+ Ka6 75. Qc5 Rd1 {[%emt 0:01:45] Strongly threatening ...R7d3.} 76. Qc8+ Kb6 {[%emt 0:00:57] Threatens to win with ...Rh1+.} 77. Qb8+ Rb7 78. Qe5 $2 (78. Qh2 {keeps fighting.}) 78... Rh1+ (78... Bc6 $142 79. Qe3+ Kb5) 79. Kg3 Rd7 $2 {[%emt 0:00:11] Against Qd4+} (79... Rc7 $19 {aiming for ...Bc6.} 80. Qd6+ Kb7) 80. Qb8+ $11 {[%emt 0:00:12] The position is equal.} Rb7 81. Qd8+ Ka7 82. Qa5+ Ba6 83. Qc5+ Rb6 84. Qe7+ Bb7 85. Qa3+ Ba6 86. Qe7+ Bb7 87. Qa3+ Ba6 88. Qe7+ Bb7 89. Qa3+ {[%emt 0:00:14] White happily takes the draw.  Weighted Error Value: White=0.41/Black=0.12 (very precise)} 1/2-1/2

[Event "USA Championship Women 2022"]
[Site "Saint Louis"]
[Date "2022.10.15"]
[Round "10.1"]
[White "Krush, Irina"]
[Black "Wu, Rochelle"]
[Result "1/2-1/2"]
[ECO "D45"]
[WhiteElo "2432"]
[BlackElo "2317"]
[Annotator "TA"]
[PlyCount "61"]
[EventDate "2022.09.05"]
[EventType "tourn"]
[EventCountry "USA"]
[SourceTitle "playchess.com"]
[Source "ChessBase"]
[SourceQuality "1"]
[TimeControl "40/5400+30:1800+30"]

1. c4 c6 2. Nf3 Nf6 3. Nc3 d5 4. e3 e6 5. d4 a6 6. c5 Nbd7 7. b4 g6 {[%emt 0:00:18] D45: Semi-Slav: 5 e3.} 8. Bb2 Bg7 9. Be2 O-O {[%emt 0:00:13] White is slightly better.} 10. O-O Re8 11. Na4 Qc7 12. Ne5 Nxe5 13. dxe5 (13. Nb6 {looks sharper.} Neg4 14. Bxg4 Rb8 15. f4) 13... Nd7 14. f4 Rb8 {[%emt 0:06:25] [#]} 15. Rc1 $146 ({Predecessor:} 15. g4 f6 16. exf6 Bxf6 17. Bxf6 Nxf6 18. g5 Ne4 19. Bd3 e5 20. Bxe4 dxe4 21. Qd6 Qxd6 22. cxd6 {½-½ (69) Fridman,D (2650)-Delorme,A (2429) Rijeka 2010}) 15... f6 16. exf6 Bxf6 17. Bxf6 (17. Qd2 $14) 17... Nxf6 $11 18. Qd4 e5 19. fxe5 Ne4 20. e6 Bxe6 21. Nc3 (21. Bd3 $11 {is superior.}) 21... Bf5 $15 22. Bf3 Nxc3 23. Rxc3 Qe5 (23... Re5 $17) 24. a4 $11 Be4 (24... Ra8 {feels hotter.} 25. b5 h5 26. h3 axb5 27. axb5 Ra2) 25. Qxe5 Rxe5 26. Kf2 Rbe8 27. h4 Rf8 28. Kg3 Rfe8 29. Kf2 Rf8 30. Kg3 Rfe8 31. Kf2 {[%emt 0:01:17] Weighted Error Value: White=0.13 (very precise) /Black=0.14 (very precise)} 1/2-1/2

[Event "USA Championship Women 2022"]
[Site "Saint Louis"]
[Date "2022.10.15"]
[Round "10.2"]
[White "Abrahamyan, Tatev"]
[Black "Morris-Suzuki, Sophie"]
[Result "1/2-1/2"]
[ECO "C00"]
[WhiteElo "2308"]
[BlackElo "2126"]
[Annotator "TA"]
[PlyCount "174"]
[EventDate "2022.09.05"]
[EventType "tourn"]
[EventCountry "USA"]
[SourceTitle "playchess.com"]
[Source "ChessBase"]
[SourceQuality "1"]
[TimeControl "40/5400+30:1800+30"]

1. Nf3 c5 2. g3 b6 3. Bg2 Bb7 4. O-O Nf6 5. d3 d5 6. Nbd2 e6 7. e4 Nc6 8. Re1 Be7 9. c3 Qc7 10. a3 b5 {[%emt 0:10:02] C00: French: Unusual White 2nd moves.} 11. Qe2 O-O 12. e5 Nd7 13. Nf1 d4 14. cxd4 {[%emt 0:07:52] [#]} Nxd4 $146 ({Predecessor:} 14... cxd4 15. Bf4 b4 16. axb4 Nxb4 17. Rec1 Nc5 18. Bd2 a5 19. Bxb4 axb4 20. Rxa8 Rxa8 21. Nxd4 Bxg2 22. Kxg2 {1-0 (40) Sale,S (2428)-Jovanic,O (2512) Biograd 2018}) 15. Nxd4 cxd4 16. Bxb7 (16. Nd2 {is interesting.} Bxg2 17. Kxg2 Rfd8 18. Nb3) 16... Qxb7 17. Nd2 Rac8 18. Nf3 a5 19. Bf4 Qd5 20. Qe4 {[%emt 0:06:07] [#]} Nc5 (20... Qxe4 $1 $17 21. dxe4 (21. Rxe4 Nc5 $17) 21... g5 22. Bxg5 (22. Bd2 g4 $15) 22... Bxg5 23. Nxg5 Nxe5) 21. Qxd5 $11 exd5 22. Nxd4 {[%emt 0:08:18] With the idea Nf5.} Nxd3 23. Re2 b4 24. Nf5 Rfe8 25. Rd2 Nxf4 26. gxf4 Bf8 27. Nd6 Bxd6 28. exd6 $14 {[%emt 0:01:22][%mdl 4096] Endgame Hoping for d7. KRR-KRR} Rc4 (28... Red8 $14) 29. Rxd5 g6 {[%emt 0:02:34] [#]} (29... Rd8 $16) 30. Rxa5 (30. a4 $1 $18 {and the rest is easy.}) 30... bxa3 $16 31. R1xa3 (31. bxa3 $16 Rd4 32. a4) 31... Re1+ $11 32. Kg2 Rd1 33. f5 Rxd6 34. Rf3 Kg7 35. Rb5 Rc1 ({Black should try} 35... g5 $11) 36. b4 (36. fxg6 $14 hxg6 37. b4) 36... Rb1 (36... g5 $11) 37. h4 (37. fxg6 $16 hxg6 38. Rb7) 37... gxf5 38. Rfxf5 Rd4 $1 39. Rb7 Rbxb4 (39... Rxh4 $11 40. b5 (40. Rfxf7+ Kg6 $11) (40. Rbxf7+ Kg8 $11) 40... Kg6 41. Rbxf7 (41. Rfxf7 Rxb5 42. Rg7+ Kf6 $11) 41... Rxb5 42. R5f6+ (42. Rxb5 Kxf7 43. Rb7+ Kg6 $11) 42... Kh5) 40. Rbxf7+ (40. Rfxf7+ $16 Kg6 41. Rg7+ (41. Rxh7 Rg4+ 42. Kh3 Rxh4+ 43. Rxh4 Rxb7 $11) 41... Kf5 42. Rxb4 (42. Rxh7 Rg4+ 43. Kf3 Rgf4+ 44. Ke2 Rfe4+ 45. Kf3 Rf4+ 46. Ke2 Rfe4+ 47. Kd2 Red4+ 48. Ke3 Re4+ 49. Kd3 Red4+ 50. Kc3 Rdc4+ 51. Kd3 Rd4+ 52. Ke3 Re4+ 53. Kd2 Red4+ 54. Ke3 $11) 42... Rxb4 43. Rxh7) 40... Kg8 41. h5 Rg4+ 42. Kf3 {[%emt 0:01:56] Threatens to win with h6.} Rg5 43. Rxg5+ Kxf7 $14 {[%emt 0:00:00] KR-KR} 44. h6 Rb6 {[%emt 0:00:00] The position is equal.} 45. Rg7+ Kf8 46. Rxh7 Kg8 47. Rg7+ Kf8 48. Ra7 Rxh6 49. Kg4 Rf6 50. f4 Kg8 51. Kg5 Rf8 52. Re7 Ra8 53. f5 Ra6 54. Re6 Ra7 55. Rg6+ $1 Kf7 56. Rh6 Kg8 {Against Rh7} 57. Kg6 Rg7+ 58. Kf6 Rf7+ 59. Ke6 Ra7 {[%emt 0:01:08] ( -> ...Ra6+)} 60. Rg6+ Kf8 61. Kf6 Ra6+ 62. Kg5 Ra5 63. Rb6 Ra7 64. Kg6 {[%emt 0:00:00] White threatens f6 and mate.} Rg7+ 65. Kf6 Rf7+ 66. Ke5 Re7+ 67. Kf4 Ra7 68. Kg5 Kg7 69. Rg6+ Kf7 70. Rh6 {[%emt 0:00:44] Threatening mate with Rh7+.} Kf8 71. Rh8+ Kg7 72. Rb8 Ra6 73. Rb7+ Kf8 74. Rc7 Rb6 75. Rh7 Ra6 76. Rh1 Kf7 77. Rc1 Kf8 78. Rb1 Kf7 79. Rb5 Kf8 80. Rb8+ Kf7 81. Rb7+ Kf8 82. f6 {[%emt 0:00:12] Kg6 would kill now.} Ra1 83. Rb8+ $1 Kf7 84. Rb7+ Kf8 85. Rb8+ Kf7 86. Rb7+ Kf8 87. Rb8+ Kf7 {[%emt 0:00:04] Weighted Error Value: White=0.20 (precise) /Black=0.20 (precise)} 1/2-1/2

[Event "USA Championship Women 2022"]
[Site "Saint Louis"]
[Date "2022.10.15"]
[Round "10.3"]
[White "Zatonskih, Anna"]
[Black "Lee, Alice"]
[Result "1/2-1/2"]
[ECO "D27"]
[WhiteElo "2368"]
[BlackElo "2263"]
[Annotator "TA"]
[PlyCount "135"]
[EventDate "2022.09.05"]
[EventType "tourn"]
[EventCountry "USA"]
[SourceTitle "playchess.com"]
[Source "ChessBase"]
[SourceQuality "1"]
[TimeControl "40/5400+30:1800+30"]

1. d4 d5 2. c4 dxc4 3. e3 Nf6 4. Bxc4 e6 5. Nf3 c5 6. O-O a6 7. dxc5 Bxc5 8. Qxd8+ Kxd8 9. b3 Ke7 10. Bb2 b6 11. Nbd2 Bb7 12. Be2 Nbd7 13. Rfc1 {[%emt 0:06:59] D27: Queen's Gambit Accepted: Classical main line: 7 e4!? and 7 a4.} Rhd8 {[%emt 0:07:47] [#]} 14. Nc4 $146 ({Predecessor:} 14. a3 Ke8 15. b4 Be7 16. Nd4 Rac8 17. Kf1 {½-½ (17) Luch,M (2415)-Arslanov,S (2376) Olomouc 2009}) 14... Rac8 15. a3 {[%emt 0:08:06] White has an edge.} b5 16. Na5 Bd5 17. Nd4 Kf8 18. b4 Bb6 19. Ndc6 Bxa5 20. Nxa5 Ne8 21. f3 f5 {[%emt 0:00:47] Inhibits e4.} 22. Rxc8 Rxc8 23. Rc1 {[%emt 0:00:08] Against Rc2} Rxc1+ 24. Bxc1 Nd6 25. Kf2 e5 26. Bb2 Kf7 27. h3 Ke6 28. Bd1 Nc4 29. Nxc4 Bxc4 $11 {[%emt 0:00:18][%mdl 4096] Endgame KBB-KBN} 30. Bc2 Nb6 31. f4 Nd7 32. e4 fxe4 33. Bxe4 g6 34. Bb7 exf4 35. Bxa6 Kd5 36. Bg7 (36. Bb7+ $14 Kd6 37. Kf3) 36... Nb6 $1 37. Bb7+ Ke6 38. Bd4 Nd5 39. h4 Ne7 40. Bc5 (40. Kf3 $5 ) 40... Bd5 41. Ba6 {[%emt 0:19:57] aiming for Bxe7.} Bc6 42. a4 bxa4 {[%emt 0:00:08] Strongly threatening ...a3.} 43. b5 {[%emt 0:00:02] Threatens to win with Bxe7.} Be4 44. b6 Nc6 45. Bc4+ {[%emt 0:00:47] A strong pair of Bishops.} Bd5 46. Bb5 Ne5 47. Kg1 ({White should play} 47. Ba3 $11) 47... Nd7 $15 (47... Bc6 {with more complications.} 48. Bxa4 Bxa4 49. b7 Nc6) 48. Bxd7+ (48. b7 $1 $15 Bxb7 49. Ba3) 48... Kxd7 {[%emt 0:00:03] KB-KB} 49. Kf2 Kc6 50. Bf8 Kxb6 51. Bh6 $2 (51. Bd6 $17) 51... Kc5 $19 52. Ke2 {[%emt 0:00:43] [#]} (52. Bxf4 $19 a3 53. Ke3) 52... Bxg2 53. Bxf4 a3 {[%emt 0:00:19][%cal Ba4a3,Ba3a2][%mdl 32] ( -> ...h5)} 54. Kd2 a2 55. Be5 Kd5 56. Bg7 Ke4 $2 (56... Bf1 57. Kc2 h5) 57. Kc1 {[%emt 0:00:07] [#]} Kf5 (57... h5 $1 $19 {[%cal Og6g5] has better winning chances. Hoping for ...g5!} 58. Kb2 Bh3) 58. Kb2 $17 Bd5 59. Bh6 Kg4 60. Bg5 h6 61. Bxh6 Kxh4 62. Bd2 g5 ({Black should try} 62... Kg4 $17) 63. Bxg5+ $1 $11 {[%emt 0:00:04] The position is equal.} Kxg5 64. Ka1 Kf4 65. Kb2 Kg5 66. Ka1 Kf4 67. Kb2 Kg5 68. Ka1 {[%emt 0:00:31] Whites escaped into a draw.  Weighted Error Value: White=0.49/Black=0.16 (very precise)} 1/2-1/2

[Event "USA Championship Women 2022"]
[Site "Saint Louis"]
[Date "2022.10.15"]
[Round "10.4"]
[White "Foisor, Sabina-Francesca"]
[Black "Yan, Ruiyang"]
[Result "1/2-1/2"]
[ECO "D05"]
[WhiteElo "2203"]
[BlackElo "2220"]
[Annotator "TA"]
[PlyCount "161"]
[EventDate "2022.09.05"]
[EventType "tourn"]
[EventCountry "USA"]
[SourceTitle "playchess.com"]
[Source "ChessBase"]
[SourceQuality "1"]
[TimeControl "40/5400+30:1800+30"]

1. d4 Nf6 2. Nf3 e6 3. e3 d5 4. Bd3 c5 5. b3 Nc6 6. O-O Bd6 7. Bb2 O-O 8. a3 b6 9. Nbd2 Bb7 {[%emt 0:00:19] D05: Colle System with ...e6.} 10. Ne5 Ne7 11. f4 Ne4 {[%emt 0:01:29] Black is slightly better.} 12. Qe2 Rc8 13. dxc5 Bxc5 (13... Nxc5 $17 14. Nef3 Nxd3 15. Qxd3 f6) 14. b4 $11 Bd6 15. Nb3 Nf5 16. Nd4 {[%emt 0:09:26] [#]} Nxd4 $146 ({Predecessor:} 16... Bxe5 17. fxe5 Nh4 18. Qh5 Ng6 19. Nf3 h6 20. a4 Ne7 21. Nd4 Nc6 22. b5 Na5 {1-0 (43) Khurtsilava,I (2259)-Azaladze,S (2464) Tbilisi 2017}) 17. Bxd4 f6 18. Nf3 Qc7 $36 {[%emt 0:03:23][%mdl 2048] Black has good play.} 19. Bb2 a5 20. Nd4 Qd7 (20... axb4 $2 21. Nxe6 Qe7 22. Nxf8 $18) 21. Rf3 ({White should try} 21. f5 $11) 21... axb4 $15 22. axb4 Bxb4 23. Bb5 Qf7 24. f5 {[%emt 0:01:09] [#]} exf5 (24... e5 $6 25. Ne6 $15) 25. Nxf5 Kh8 ({Better is} 25... Rc7 $17 26. Ra7 Bc8 27. Rxc7 Qxc7) 26. Rh3 ({White should play} 26. Bd3 $15) 26... Rc7 {[%emt 0:01:36] Hoping for ...Bc8.} 27. Rf1 {[%emt 0:00:40] [#]} (27. Rh4 $142) 27... Bc8 $1 $17 28. Bd3 Bc3 (28... g6 $19 {and Black stays clearly on top.} 29. Nh6 Qg7) 29. Bxc3 Rxc3 30. Rh4 Bxf5 31. Rxf5 g6 {[%emt 0:00:10] Prevents Rfh5.} 32. Rxd5 Qxd5 $19 33. Bxe4 Qg5 34. Rh3 f5 35. Qd2 Qf6 (35... fxe4 36. Qxc3+ Qf6 37. Qxf6+ Rxf6 38. Rh4 $11) (35... Ra3 $2 36. Qd4+ Qf6 37. Qxf6+ Rxf6 38. Bd3 $19) 36. Bd3 Ra3 {[%emt 0:00:12] aiming for ...Rd8.} 37. Qb4 Ra1+ 38. Kf2 Ra5 39. Rf3 Rc5 40. g4 Qd6 {[%emt 0:04:47][%cal Oc5c2] Strongly threatening ...Rxc2+!} 41. Qb2+ Kg8 42. gxf5 Qxh2+ 43. Kf1 Qh1+ 44. Ke2 Qg2+ 45. Rf2 Qc6 46. Qa2+ Kg7 47. Qa1+ Qf6 48. Qa7+ (48. Qxf6+ $17 Rxf6 49. Rg2) 48... Rf7 49. Qb8 Rfc7 50. Kf1 (50. Rf4 $17 gxf5 51. Bxf5) 50... g5 (50... gxf5 51. Rg2+ Kf7 52. Qg8+ Ke7 53. Qxh7+ Kd6 54. Qg6 $17) 51. e4 Re7 52. Kg2 (52. Qh2 {is a better defense.}) 52... Rce5 53. Rf1 Rxe4 54. Bxe4 Rxe4 {[%emt 0:00:04][%mdl 4096] Endgame KQR-KQR} 55. Qb7+ Re7 56. Qf3 Rc7 57. Qd3 (57. Kg1 $17) 57... Qc6+ 58. Kg1 Rd7 ({And not} 58... Qxc2 59. f6+ Kf8 60. Qd6+ Kf7 61. Qd5+ Kf8 62. Qd8+ Kf7 63. Qd5+ Kf8 64. Qd8+ Kf7 65. Qd5+ $11) (58... Rf7 $19 {White must now prevent ...h5.} 59. Qd4+ Qf6) 59. f6+ $15 Kf8 60. Qg3 (60. Qh3 $15 Qc5+ 61. Kh1 Qc6+ 62. Kg1) 60... Qc5+ $17 61. Rf2 $2 (61. Kh1 $17) 61... Rd1+ $19 ({Weaker is} 61... Rd2 62. Qb8+ Kf7 63. Qb7+ Ke6 64. Qe4+ Kf7 65. Qb7+ (65. Qxh7+ Ke6 $11) 65... Kg6 66. Qe4+ Kh5 67. Qh1+ Kg6 68. Qe4+ Kh6 69. Qh1+ Kg6 70. Qe4+ $11) 62. Kh2 Qd6 {[%emt 0:00:05] Prevents Qb8+.} 63. Qxd6+ Rxd6 {[%emt 0:00:04] KR-KR} 64. f7 Rc6 {[%emt 0:02:40] And now ...h5 would win.} 65. Kg1 h5 66. Rf5 Rxc2 $2 (66... Rc5 67. Rf6 b5) 67. Rxg5 Rc5 68. Rg6 b5 69. Rf6 b4 70. Rb6 {[%emt 0:00:24] Prevents Rb5.} Rc4 71. Rb7 Rf4 $2 (71... Rc1+ $19 72. Kg2 Rb1) 72. Kg2 $11 {[%emt 0:00:35] The position is equal.} h4 73. Kh2 Kg7 74. Kg2 Rc4 75. Kh2 Rf4 76. Kg2 b3 77. Rxb3 Kxf7 78. Rf3 h3+ 79. Rxh3 Rf6 80. Rf3 Rxf3 81. Kxf3 {[%emt 0:00:03] Whites escaped into a draw.  Weighted Error Value: White=0.23 (precise) /Black=0.20 (precise)} 1/2-1/2

[Event "USA Championship Women 2022"]
[Site "Saint Louis"]
[Date "2022.10.15"]
[Round "10.5"]
[White "Lee, Megan"]
[Black "Cervantes Landeiro, Thalia"]
[Result "0-1"]
[ECO "B90"]
[WhiteElo "2226"]
[BlackElo "2272"]
[Annotator "TA"]
[PlyCount "114"]
[EventDate "2022.09.05"]
[EventType "tourn"]
[EventCountry "USA"]
[SourceTitle "playchess.com"]
[Source "ChessBase"]
[SourceQuality "1"]
[TimeControl "40/5400+30:1800+30"]

1. e4 c5 2. Nf3 d6 3. d4 cxd4 4. Nxd4 Nf6 5. Nc3 a6 6. Be3 Ng4 7. Bc1 Nc6 8. h3 Nf6 9. g4 {[%emt 0:05:21] B90: Sicilian Najdorf: Unusual White 6th moves, 6 Be3 Ng4 and 6 Be3 e5.} e5 10. Nb3 h6 11. Bg2 {[%emt 0:02:02] The position is equal.} Be7 12. Be3 {[%emt 0:00:46] [#]} Na5 $146 ({Predecessor:} 12... Be6 13. Qd2 a5 14. Nd5 Bxd5 15. exd5 Nb8 16. a4 Nbd7 17. Nc1 b6 18. Ne2 Qc7 19. b3 Rc8 20. Rc1 Nc5 {1-0 (60) Budima,A (2213)-Berisha,E (2107) Pristina 2017}) 13. Nxa5 Qxa5 14. Qd2 b5 15. O-O b4 16. Nd5 Nxd5 17. exd5 O-O 18. a3 Rb8 19. b3 f5 20. gxf5 Bxf5 (20... Bd8 {is more complex.} 21. axb4 Qxb4 22. Qxb4 Rxb4 23. Ra3 Rxf5 24. c4 a5) 21. Rfc1 Rfc8 (21... Bc8 {looks sharper.} 22. axb4 Qxb4 23. Qxb4 Rxb4 24. Ra3 Bg5) 22. axb4 (22. Bf1 $14) 22... Qxb4 $11 23. Rxa6 (23. Qd1 {feels hotter.} Qb7 24. Bf1 Ra8 25. c4) 23... Qxd2 24. Bxd2 Rxc2 25. Rxc2 Bxc2 26. b4 Bd3 27. Ra7 Kf8 28. Bf3 Bg5 29. Be1 {[%emt 0:03:40] [#]} (29. Bxg5 $11 hxg5 30. Rd7) 29... Rc8 $1 $17 30. Ra1 Rc1 {[%emt 0:04:34] Black is more active.} 31. Rxc1 Bxc1 $15 {[%emt 0:00:01][%mdl 4096] Endgame KBB-KBB} 32. Bg2 Bc4 33. Bf1 {[%emt 0:01:42] Black keeps a firm grip on the game.} ({Better is} 33. h4 $15) 33... Bxd5 $17 34. Ba6 (34. h4 $142) 34... Ke7 35. Kf1 (35. Be2 $17) 35... Kd7 $19 36. Ke2 Kc7 (36... g5 $19 37. f3 Ba3) 37. b5 (37. f3 $17 {keeps fighting.}) 37... Ba3 38. Ba5+ Kb8 39. Bc3 g5 {[%emt 0:01:17] aiming for ...Bg2.} 40. Kf1 (40. Ba5 $142) 40... Bc5 41. Kg1 Bb7 42. Bxb7 {[%emt 0:06:21] [#]} (42. Kf1 {was the only defense.}) 42... Kxb7 {[%emt 0:00:13] KB-KB} 43. Ba5 Bb6 44. Bb4 (44. Bc3) 44... Bc7 45. Kf1 Kb6 46. Ke2 Kxb5 47. Bd2 Kc4 48. f3 Bb6 49. Be1 d5 50. Bg3 Bd4 51. Kd2 Bc3+ 52. Kc2 d4 {[%emt 0:01:32] Black mates.} 53. Kd1 d3 54. Bf2 Kd5 55. Be3 e4 56. fxe4+ Kxe4 57. Bc5 Kf3 {[%emt 0:00:39] Weighted Error Value: White=1.18/Black=0.12 (very precise)} 0-1